 Dungeon Crawl Stone Soup version 0.30.0-15-g856e2d3f33 (webtiles) character file.

Game seed: 18285771141181876353

2094 Woods the Thaumaturge (level 9, -2/50 (54) HPs)
             Began as a Deep Elf Conjurer on May 19, 2023.
             Was an Initiate of Vehumet.
             Slain by a wight
             ... wielding a +5 battleaxe of freezing
              (3 damage)
             ... on level 7 of the Dungeon.
             The game lasted 00:24:03 (8674 turns).

Woods the Thaumaturge (Deep Elf Conjurer)           Turns: 8674, Time: 00:24:04

HP:   -2/50 (54)    AC:  5    Str:  4    XL:     9   Next: 7%
MP:   21/25         EV: 13    Int: 28    God:    Vehumet [......]
Gold: 271           SH:  0    Dex: 13    Spells: 18/28 levels left

rFire   . . .        (no weapon)
rCold   . . .        (no shield)
rNeg    . . .        a - +0 robe
rPois   .            p - +0 helmet
rElec   .            (no cloak)
rCorr   .            o - +1 pair of gloves
SInv    .            (no boots)
Will    .....        x - amulet of magic regeneration
Stlth   +++          (no ring)
HPRegen 0.28/turn    (no ring)
MPRegen 0.59/turn

%: no passive effects
@: drained
A: hooves 1
a: Renounce Religion


You were on level 7 of the Dungeon.
You worshipped Vehumet.
Vehumet was noncommittal.
You visited 2 branches of the dungeon, and saw 8 of its levels.
You also visited: Ossuary.

You collected 271 gold pieces.

Inventory:

Missiles
 m - 2 throwing nets
Armour
 a - a +0 robe (worn)
 o - a +1 pair of gloves (worn)
 p - a +0 helmet (worn)
Jewellery
 c - a ring of flight
 q - a ring of see invisible
 x - an amulet of magic regeneration (around neck)
 y - a ring of ice
Wands
 f - a wand of light (3)
 z - a wand of polymorph (8)
Scrolls
 g - 2 scrolls of immolation {unknown}
 h - a scroll of magic mapping {unknown}
 i - 5 scrolls of vulnerability
 j - 5 scrolls of teleportation
 l - a scroll of noise {unknown}
 t - a scroll of enchant armour {unknown}
 u - 4 scrolls of amnesia
 w - a scroll of blinking {unknown}
Potions
 b - 3 potions of might
 d - 3 potions of heal wounds
 e - a potion of invisibility
 k - 3 potions of ambrosia
 n - 3 potions of flight
 r - 3 potions of berserk rage
 s - 2 potions of attraction
 v - 2 potions of curing {unknown}
 A - 2 potions of mutation
 B - 2 potions of lignification {unknown}


   Skills:
 - Level 5.0 Fighting
 - Level 5.0 Dodging
 - Level 5.0 Stealth
 - Level 10.0 Spellcasting
 + Level 7.1 Conjurations


You had 18 spell levels left.
You knew the following spells:

 Your Spells              Type           Power      Damage    Failure   Level
a - Magic Dart            Conj           100%       1d8       1%          1
b - Searing Ray           Conj           100%       2d8       1%          2
c - Dazzling Flash        Conj/Hex       68%        N/A       2%          3
d - Fulminant Prism       Conj/Hex       17%        3d10      9%          4

Your spell library contained the following spells:

 Spells                   Type           Power      Damage    Failure   Level
 Mephitic Cloud           Conj/Pois/Air  27%        N/A       4%          3
 Call Imp                 Summ           28%        N/A       6%          2
 Poisonous Vapours        Pois/Air       28%        N/A       6%          2
 Sublimation of Blood     Necr           14%        N/A       6%          2
 Wereblood                Tmut           14%        N/A       6%          2
 Iskenderun's Mystic Bla  Conj/Tloc      34%        2d8       9%          4
 Summon Lightning Spire   Summ/Air       14%        N/A       36%         4
 Freezing Cloud           Conj/Ice/Air   13%        6-21      38%         5
 Storm Form               Tmut/Air       7%         N/A       100%        7
 Summon Hydra             Summ           7%         N/A       100%        7
 Maxwell's Capacitive Co  Air            7%         ∞         100%        8


Dungeon Overview and Level Annotations

Branches:
Dungeon (7/15)             Temple (1/1) D:6         Ossuary (visited)

Altars:
Ashenzari
Cheibriados
Dithmenos
Elyvilon
Gozag
Hepliaklqana
Kikubaaqudgha
Makhleb
Nemelex Xobeh
Okawaru
Ru
Sif Muna
Trog
Uskayaw
Vehumet
Xom
Yredelemnul
Zin
The Shining One

Shops:
D:3 =

Annotations:
D:3 Grinder
D:5 3 runed translucent doors, Strat's ghost, amateur TeHs
D:6 3 runed translucent doors, exclusion: two-headed ogre, ProzacElf's ghost, novice DsWn
D:7 3 runed translucent doors, Darkkill's ghost, novice MiHu; Maggie


Innate Abilities, Weirdness & Mutations

You have large cloven feet.


Message History

The wight moves out of view.
You see here 11 gold pieces.
Press: ? - help, v - describe, . - travel A rock wall.
Unknown command.
Casting: Searing Ray (safe; 1% risk of failure)
Confirm with . or Enter, or press ? or * to list all spells.
Aiming: Searing Ray (safe; 1% risk of failure)
Press: ? - help, Shift-Dir - straight line, f - wight
Aim: a wight, wielding a +0 mace and wearing a +0 robe (83% to hit)
The searing ray hits the wight!
The wight is almost destroyed. (Press . to maintain the ray.)
The wight barely misses you.
The searing ray hits the wight.
You destroy the wight!
Vehumet accepts your kill.
The searing ray hits the wight but does no damage.
The searing ray hits the wight.
The wight is moderately damaged.
The wight hits you with a +5 battleaxe of freezing!
You feel drained. The wight freezes you.
The searing ray hits the wight!
The wight is severely damaged.
You finish channelling your searing ray.
The wight hits you with a +5 battleaxe of freezing!!
The wight freezes you.
* * * LOW HITPOINT WARNING * * *
Casting: Searing Ray (safe; 1% risk of failure)
Confirm with . or Enter, or press ? or * to list all spells.
Aiming: Searing Ray (safe; 1% risk of failure)
Press: ? - help, Shift-Dir - straight line, f - wight
Aim: a wight, wielding a +5 battleaxe of freezing and wearing a +0 robe (severely damaged, 83% to hit)
The searing ray hits the wight.
The wight is severely damaged. (Press . to maintain the ray.)
The wight hits you with a +5 battleaxe of freezing!
* * * LOW HITPOINT WARNING * * *
You feel drained. The wight freezes you.
You die...

#.###### Z#.#.#### #.#
#.....[###.....#..###.#
#........##!..Z+..#...#
+........#W$..Z+....###
#........##...Z+..###
####.....#.....#..#
#.....#.#.#.####
#....## # ### #..@.#
#.##z# #. ... .. .#.#
### ##.# #


You could see a wight.

Vanquished Creatures
  3 sky beasts
  2 black bears
  An ogre (D:5)
  A phantom (D:7)
  A kobold brigand (D:7)
  Blork the orc (D:6)
  A gnoll sergeant (D:6)
  2 water moccasin zombies (Ossuary)
  A wight (D:7)
  3 killer bees (D:7)
  2 hounds
  2 orc priests
  A gnoll bouda (D:4)
  2 iguanas
  2 sleepcaps
  Terence (D:3)
  Natasha (thrice) (D:3)
  7 orc wizards
  2 mummies (Ossuary)
  Robin (D:2)
  4 adders
  20 gnolls
  A white imp (D:6)
  3 adder zombies (Ossuary)
  A worm (D:4)
  7 dart slugs
  19 orcs
  3 bats
  3 endoplasms
  6 giant cockroaches
  7 gnoll zombies (Ossuary)
  14 goblins
  11 hobgoblins
  14 jackals
  5 quokkas
  9 ball pythons
  3 frilled lizards
  4 hobgoblin zombies (Ossuary)
  7 kobolds
  5 kobold zombies (Ossuary)
  2 orc zombies (Ossuary)
  4 rats
191 creatures vanquished.

Notes
Turn   | Place    | Note
-------+----------+-------------------------------------------
     0 | D:1      | Woods the Deep Elf Conjurer began the quest for the Orb.
     0 | D:1      | Reached XP level 1. HP: 10/10 MP: 6/6
   117 | D:1      | Reached XP level 2. HP: 14/15 MP: 0/8
   665 | D:1      | Learned a level 2 spell: Searing Ray
   786 | D:1      | Reached XP level 3. HP: 19/19 MP: 8/10
   907 | D:2      | Noticed Robin
  1494 | D:2      | Killed Robin
  1495 | D:2      | Reached XP level 4. HP: 24/24 MP: 5/11
  1818 | D:2      | Found a faded altar of an unknown god.
  1820 | D:2      | Reached skill level 5 in Conjurations
  2044 | D:2      | Reached skill level 4 in Spellcasting
  2465 | D:3      | Found Ecrimynitz's Jewellery Shoppe.
  2535 | D:3      | Reached XP level 5. HP: 24/28 MP: 7/13
  2661 | D:3      | Learned a level 3 spell: Dazzling Flash
  2666 | D:3      | Learned a level 4 spell: Fulminant Prism
  2764 | D:3      | Noticed Grinder
  3049 | D:3      | Noticed Terence
  3057 | D:3      | Killed Terence
  3074 | D:3      | Found a bloodstained altar of Trog.
  3182 | D:3      | Noticed Natasha
  3190 | D:3      | Killed Natasha
  3635 | D:3      | Noticed Natasha
  3642 | D:3      | Killed Natasha
  3643 | D:3      | Reached XP level 6. HP: 32/32 MP: 10/15
  3932 | D:4      | Reached skill level 5 in Spellcasting
  3967 | D:3      | Noticed Natasha
  4048 | D:3      | Killed Natasha
  4049 | D:3      | Reached skill level 5 in Stealth
  4514 | D:4      | Reached skill level 5 in Dodging
  4536 | D:4      | Reached XP level 7. HP: 29/36 MP: 4/17
  5086 | D:5      | Entered Level 5 of the Dungeon
  5114 | D:5      | Reached skill level 6 in Spellcasting
  5417 | D:5      | Noticed Strat's ghost (amateur TeHs)
  5575 | D:5      | Found a runed translucent gate.
  5576 | D:5      | Found a runed translucent gate.
  5583 | D:5      | Found a runed translucent gate.
  5703 | D:5      | Reached skill level 7 in Spellcasting
  5769 | D:5      | Reached skill level 1 in Fighting
  6229 | D:6      | Reached XP level 8. HP: 37/45 MP: 17/20
  6287 | D:6      | Found a sand-covered staircase.
  6297 | Ossuary  | Entered an ossuary
  6649 | D:6      | Noticed a two-headed ogre
  6873 | D:6      | Noticed Blork the orc
  6880 | D:6      | Killed Blork the orc
  7085 | D:6      | Reached skill level 5 in Fighting
  7228 | D:6      | Found a runed translucent gate.
  7228 | D:6      | Found a runed translucent gate.
  7230 | D:6      | Found a runed translucent gate.
  7230 | D:6      | Noticed ProzacElf's ghost (novice DsWn)
  7275 | D:6      | Found a staircase to the Ecumenical Temple.
  7581 | Temple   | Entered the Ecumenical Temple
  7813 | Temple   | Became a worshipper of Vehumet
  7921 | D:7      | Noticed Maggie
  7940 | D:7      | Reached skill level 8 in Spellcasting
  8142 | D:7      | Reached skill level 9 in Spellcasting
  8148 | D:7      | Gained mutation: You are clumsy. (Dex -2) [potion of
                  | mutation]
  8148 | D:7      | Gained mutation: Your muscles are strong. (Str +4, Int/Dex
                  | -1) [potion of mutation]
  8536 | D:7      | Lost mutation: You are clumsy. (Dex -2) [potion of
                  | mutation]
  8536 | D:7      | Lost mutation: Your muscles are strong. (Str +4, Int/Dex
                  | -1) [potion of mutation]
  8536 | D:7      | Gained mutation: You have large cloven feet. [potion of
                  | mutation]
  8549 | D:7      | Found a runed translucent gate.
  8550 | D:7      | Found a runed translucent gate.
  8553 | D:7      | Found a runed translucent gate.
  8555 | D:7      | Noticed a spectral unseen horror
  8555 | D:7      | Noticed Darkkill's ghost (novice MiHu)
  8648 | D:7      | Reached skill level 10 in Spellcasting
  8648 | D:7      | Reached XP level 9. HP: 54/54 MP: 20/25
  8674 | D:7      | HP: 1/52 [wight/+5 battleaxe of freezing (14)]
  8674 | D:7      | Slain by a wight

Illustrated notes

Levels and vault maps discovered:
D:1:      dreamdust_arrival_beginning_and_end, layout_basic, minivault_26,
          minivault_24, minmay_pentomino_p2
D:2:      layout_loops_cross, basic_ecumenical_altar, uniq_robin
D:3:      layout_basic, mainiacjoe_overflow_surrounded_room, serial_shops,
          nicolae_shop_just_a_little_nook, grunt_ministairs_8,
          minmay_diced_spiral, uniq_terence, uniq_grinder, uniq_natasha
D:4:      layout_loops_ring, serial_forest, infiniplex_forest_lined_room_2,
          infiniplex_forest_clump_diagonal, infiniplex_forest_end_3,
          infiniplex_forest_clump_double, infiniplex_forest_end_2,
          infiniplex_forest_zigzag_2, minmay_misc_feat_square
D:5:      layout_basic, gammafunk_ghost_split
D:6:      layout_loops_corners, minmay_temple_entry_fiery,
          ebering_ghost_rock_garden, enter_ossuary_2, uniq_blork_the_orc
D:7:      layout_basic, gammafunk_ghost_necromancy, minmay_crystal_room,
          uniq_menkaure, uniq_maggie
Temple:   dpeg_five_rooms_temple

Skill      XL: |  1  2  3  4  5  6  7  8 |
---------------+-------------------------+-----
Stealth        | 3 4 5 |  5.0
Dodging        | 3 4 5 |  5.0
Conjurations   | 5 6 7 |  7.1
Spellcasting   | 4 5 7 10 | 10.0
Fighting       | 2 5 |  5.0

Action                     |  1- 3 |  4- 6 |  7- 9 || total
---------------------------+-------+-------+-------++-------
  Melee: Unarmed           |     8 |    14 |     2 ||    24
   Cast: Magic Dart        |    73 |    94 |    55 ||   222
         Searing Ray       |     1 |    25 |    56 ||    82
    Use: Scroll            |       |     1 |    10 ||    11
         Potion            |       |     1 |     4 ||     5
 Armour: Robe              |     5 |    10 |    17 ||    32
  Dodge: Dodged            |    14 |    21 |    34 ||    69
